Unix NetHack Version 3.7.0-50 Work-in-progress - last build Feb 25 2022 12:24:36 (2cae1c06d18a5f7572a27f61024ca332b3effe23,branch:master). Game began 2022-02-21 21:57:08, ended 2022-02-25 16:58:23. Gandelf, neutral male human Monk .-- ....| ....-- .?% ..."-- .))).).[)...-- ....")......@h ..).......... .-- ... Gandelf the Novice St:18 Dx:13 Co:14 In:9 Wi:13 Ch:9 Neutral S:1343 Dlvl:5 $:199 HP:0(34) Pw:28(31) AC:3 Xp:5/222 T:1372 Burdened Latest messages: Welcome to experience level 5. You feel stealthy! You hit the gnome lord! The gnome lord hits! You kill the gnome lord! You see here a gnome lord corpse. You have a little trouble lifting a gnome lord corpse. Continue? [ynq] (q) n You kill the gnome! You see here a perforated amulet. The little dog eats a gnome corpse. Are you waiting to get hit? Use 'm' prefix to force a no-op (to rest). You already found a monster. Use 'm' prefix to force another search. Are you waiting to get hit? Use 'm' prefix to force a no-op (to rest). You already found a monster. Use 'm' prefix to force another search. Are you waiting to get hit? Use 'm' prefix to force a no-op (to rest). You already found a monster. Use 'm' prefix to force another search. You already found a monster. Use 'm' prefix to force another search. Are you waiting to get hit? Use 'm' prefix to force a no-op (to rest). You kill the iguana! You hit the kobold mummy! You destroy the kobold mummy! You are hit by a dagger. You see here a mummy wrapping. You have a little trouble lifting l - 8 crossbow bolts. You have a little trouble lifting n - a crossbow. You are hit by a crossbow bolt. A crossbow bolt misses you. The gnome wields 5 daggers! You kill the gnome! The little dog picks up a crossbow bolt. You see here a mummy wrapping. The gnome thrusts one of his daggers. The gnome hits! You kill the gnome! You are hit by a dagger! In what direction? l The sleep ray hits it. The sleep ray hits it. The little dog doesn't seem to move! You hit the dwarf! You kill the dwarf! You have a little trouble lifting o - a pair of iron shoes. What do you want to wear? [oDE or ?*] o The dwarf thrusts his dagger. The dwarf hits! You finish your dressing maneuver. The dwarf thrusts his dagger. The dwarf hits! You die... Do you want your possessions identified? [ynq] (y) q Major events: Turn 1: Gandelf the neutral male human Monk entered the dungeon 17: killed for the first time 152: entered new level 2, The Dungeons of Doom 461: entered new level 3, The Dungeons of Doom 476: entered a shop 489: gained experience level 2 501: attained the rank of Novice (level 3) 674: gained experience level 4 761: entered new level 4, The Dungeons of Doom 823: ate for the first time - food ration 1298: entered new level 1, The Gnomish Mines 1298: entered the Gnomish Mines 1317: gained experience level 5 Inventory: Coins $ - 199 gold pieces Amulets w - an uncursed amulet of reflection (being worn) Weapons l - 8 +0 crossbow bolts n - a cursed -1 crossbow v - a +0 elven bow p - a cursed +0 elven bow A - a +0 spear y - a +0 axe B - a +0 dwarvish mattock C - a +0 dwarvish short sword Armor D - an uncursed +0 dwarvish iron helm a - an uncursed +2 pair of leather gloves (being worn) E - an uncursed +0 pair of iron shoes o - a cursed -1 pair of iron shoes (being worn) b - an uncursed +1 robe (being worn) F - an uncursed +0 dwarvish mithril-coat Comestibles g - 6 uncursed apples f - 4 uncursed food rations z - an uncursed partly eaten food ration i - 3 uncursed fortune cookies h - 8 uncursed oranges x - an uncursed egg Scrolls I - an uncursed scroll of charging d - a blessed scroll of destroy armor q - an uncursed scroll of identify H - an uncursed scroll of scare monster Spellbooks c - a blessed spellbook of sleep r - an uncursed spellbook of wizard lock Potions G - an uncursed potion of confusion e - 3 uncursed potions of water m - an uncursed potion of water s - an uncursed potion of water Tools j - a magic marker (0:49) k - a cursed skeleton key Gems/Stones t - an uncursed worthless piece of green glass u - 2 uncursed worthless pieces of white glass Gandelf the Monk's attributes: Background: You were a Novice, a level 5 male human Monk. You were neutral, nominally on a mission for Chih Sung-tzu who was opposed by Shan Lai Ching (lawful) and Huan Ti (chaotic). You were in the Gnomish Mines, on level 5. You entered the dungeon 1372 turns ago. You had 222 experience points, 98 more were needed to attain level 6. Your score was 1343 before end-of-game adjustments. Basics: You had 0 out of 34 hit points. You had 28 out of 31 energy points (spell power). Your armor class was 3. Your wallet contained 199 zorkmids. Autopickup was off. Final Characteristics: Your strength was 18 (limit:18/100). Your dexterity was 13 (limit:18). Your constitution was 14 (limit:18). Your intelligence was 9 (limit:18). Your wisdom was 13 (limit:18). Your charisma was 9 (limit:18). Final Status: You were not hungry. You were burdened; movement was slightly slowed. You were empty handed. You had basic skill with martial arts. Final Attributes: You were devoutly aligned. You were sleep resistant. You were poison resistant. You saw invisible. You were stealthy. You were guarded. You were fast. You had reflection. You are dead. Miscellaneous: You never encountered a bones level. Total elapsed playing time was 2 hours, 18 minutes and 55 seconds. Vanquished creatures: 2 small mimics a leprechaun 2 gnome leaders a kobold mummy 2 dwarves an iguana a hobbit a hobgoblin 5 gnomes 2 jackals 2 foxes a kobold 2 lichens a kobold zombie 5 newts 29 creatures vanquished. No species were genocided or became extinct. Voluntary challenges: You followed a strict vegan diet. You were an atheist. You never hit with a wielded weapon. You were illiterate. You never engraved Elbereth. You never genocided any monsters. You never polymorphed an object. You never changed form. You used no wishes. Achievements: You entered a shop. You attained the rank of Novice. You entered the Gnomish Mines. The Dungeons of Doom: levels 1 to 4 Level 1: A fountain, a grave. Level 2: Level 3: A general store. Level 4: Some fountains. Stairs down to The Gnomish Mines. The Gnomish Mines: Level 5: <- You were here. Final resting place for you, killed by a dwarf. Game over: ---------- / \ / REST \ / IN \ / PEACE \ / \ | Gandelf | | 199 Au | | killed by a | | dwarf | | | | | | 2022 | *| * * * | * _________)/\\_//(\/(/\)/\//\/|_)_______ Goodbye Gandelf the Monk... You died in The Gnomish Mines on dungeon level 5 with 1324 points, and 199 pieces of gold, after 1372 moves. You were level 5 with a maximum of 34 hit points when you died.